 Dungeon Crawl Stone Soup version 0.30-a0-393-g54b8e3be05 (webtiles) character file.

Game seed: 6674472307421874663

5516 kae the Transmogrifier (level 10, -5/84 (85) HPs)
             Began as a Green Draconian Transmuter on Dec 5, 2022.
             Was an Initiate of Ru.
             Slain by a hellwing (6 damage)
             ... on level 9 of the Dungeon.
             The game lasted 00:10:22 (9325 turns).

kae the Transmogrifier (Green Draconian Transmuter) Turns: 9325, Time: 00:10:22

HP:   -5/84 (85)    AC:  9    Str: 13    XL:     10   Next: 43%
MP:   0/19          EV: 10    Int: 17    God:    Ru [......]
Gold: 395           SH:  0    Dex: 12    Spells: 11/21 levels left

rFire   x . .      SeeInvis .      - Unarmed
rCold   + + +      Faith    .    (shield currently unavailable)
rNeg    . . .      Spirit   +    (body armour unavailable)
rPois   +          Reflect  .    (helmet currently unavailable)
rElec   .          Harm     .    (cloak currently unavailable)
rCorr   .          Rampage  .    (gloves currently unavailable)
Will    .....                    (boots currently unavailable)
Stlth   +.........               G - amulet of guardian spirit
HPRegen 0.34/turn                y - +4 ring of slaying
MPRegen 0.16/turn                Y - +4 ring of slaying

@: ice-form, wereblooded (expiring), lightly drained
A: freezing attack, amphibious, boosted hp, (breathe noxious fumes), AC +7,
large, unfitting armour, (poison resistance), (cold-blooded)
a: End Transformation, Renounce Religion, Sacrifice Artifice, Sacrifice Purity,
Sacrifice Essence, Reject Sacrifices


You were on level 9 of the Dungeon.
You worshipped Ru.
Ru was noncommittal.
You were a creature of crystalline ice.
You visited 2 branches of the dungeon, and saw 10 of its levels.
You also visited: Sewer.

You collected 395 gold pieces.


Innate Abilities, Weirdness & Mutations

You are a creature of crystalline ice.
You have a powerful freezing melee attack.
You are amphibious.
Your maximum health is increased.
Your armour is entirely melded.
You are incapable of wielding weapons or throwing items.
((You can breathe blasts of noxious fumes.))
((Your lurid green scales are hard. (AC +7)))
You cannot fit into any form of body armour.
((Your system is resistant to poisons. (rPois)))
((You are cold-blooded and may be slowed by cold attacks.))


   Skills:
 - Level 1.1 Fighting
 - Level 1.7 Dodging
 + Level 7.1 Unarmed Combat
 + Level 6.2 Spellcasting
 * Level 9.6 Transmutations
 * Level 8.3 Ice Magic
 - Level 1.8 Poison Magic


You had 11 spell levels left.
You knew the following spells:

 Your Spells              Type           Power      Damage    Failure   Level
a - Beastly Appendage     Tmut           76%        N/A       1%          1
b - Wereblood             Tmut           38%        N/A       1%          2
c - Spider Form           Tmut/Pois      24%        N/A       3%          3
d - Ice Form              Ice/Tmut       35%        N/A       3%          4

Your spell library contained the following spells:

 Spells                   Type           Power      Damage    Failure   Level
 Sting                    Tmut/Pois      96%        1d7       1%          1
 Passwall                 Tmut/Erth      17%        N/A       2%          2
 Ensorcelled Hibernation  Hex/Ice        38%        N/A       3%          2
 Poisonous Vapours        Pois/Air       16%        N/A       13%         2
 Petrify                  Tmut/Erth      21%        N/A       17%         4
 Sublimation of Blood     Necr           5%         N/A       19%         2
 Call Canine Familiar     Summ           5%         N/A       36%         3
 Portal Projectile        Hex/Tloc       10%        N/A       36%         3
 Swiftness                Air            5%         N/A       36%         3
 Irradiate                Conj/Tmut      10%        3d15      43%         5
 Olgreb's Toxic Radiance  Pois           11%        N/A       52%         4
 Airstrike                Air            2%         2d(1-17)  77%         4
 Leda's Liquefaction      Hex/Erth       2%         N/A       77%         4
 Summon Lightning Spire   Summ/Air       5%         N/A       77%         4
 Lightning Bolt           Conj/Air       2%         1d14      98%         5

Inventory:

Missiles
 a - 33 poisoned darts
 d - 61 stones
 n - 2 throwing nets {=f!f}
Armour
 r - a +2 cloak (melded)
   (You found it on level 2 of the Dungeon)
 s - a +1 cloak
   (You found it on level 7 of the Dungeon)
Magical Staves
 k - a staff of poison {!a}
   (You found it on level 1 of the Dungeon)
Jewellery
 f - a ring of fire
   (You found it on level 5 of the Dungeon)
 w - a ring of protection from fire
   (You found it on level 7 of the Dungeon)
 y - a +4 ring of slaying (left front paw)
   (You found it on level 8 of the Dungeon)
 C - a ring of ice
   (You found it on level 7 of the Dungeon)
 F - a ring of fire
   (You found it on level 3 of the Dungeon)
 G - an amulet of guardian spirit (around neck)
   (You found it on level 8 of the Dungeon)
 Y - a +4 ring of slaying (right front paw)
   (You found it on level 7 of the Dungeon)
Wands
 h - a wand of quicksilver (7)
   (You took it off Amaemon on level 8 of the Dungeon)
 p - a wand of charming (7)
   (You took it off Jessica on level 3 of the Dungeon)
 x - a wand of flame (12)
   (You found it on level 7 of the Dungeon)
 z - a wand of mindburst (19)
   (You found it on level 8 of the Dungeon)
Scrolls
 e - 3 scrolls of blinking {!r}
 o - 3 scrolls of teleportation {@r4}
 v - a scroll of immolation {!r!r}
Potions
 b - 7 potions of curing {@q1}
 c - a potion of cancellation
 g - 3 potions of heal wounds {@q2}
 i - 2 potions of magic
 j - 2 potions of mutation {!q}
 l - 3 potions of flight
 m - a potion of brilliance
 q - a potion of ambrosia
 t - a potion of might
 u - a potion of invisibility {unknown}

Dungeon Overview and Level Annotations

Branches:
Dungeon (9/15) Zot: 26570  Temple (1/1) D:7 Zot: 5967   Sewer (visited)
   Lair: D:8-11         Orc: D:9-12

Altars:
Ashenzari
Cheibriados
Dithmenos
Elyvilon
Fedhas
Gozag
Hepliaklqana
Kikubaaqudgha
Nemelex Xobeh
Okawaru
Qazlal
Ru
Sif Muna
Trog
Uskayaw
Vehumet
Wu Jian
Xom
Yredelemnul
Zin

Shops:
D:5 [   D:6 =   D:7 *

Annotations:
D:4 2 transporters, Raultor's ghost, amateur OpTm

#~~.~~# ###...#
###.# #)# ##)#
####
#######.)#....#
...........#
...$..#4##.....
...#..#Y#
##..∩. ..
##...3.# ...
#..##.# .. #..#
.# # .... .
..... .. .....
.. ..._. ..#


You could see a soul eater and a hellwing.


Message History

You hear an angry buzzing noise.
A hornet comes into view. 😕 HP[+3]
You regained 3 hp, and now have 73/85 hp.
Found a shadowy altar of Dithmenos.
You howl as the wereblood boils in your veins!
You hear an angry buzzing noise.
The hornet stings you!
You feel yourself slow down. The hornet stings you.
You feel as though you will be slow longer. 😕 HP[-6] MP[-2]
You take 6 damage, and now have 67/85 hp.
You lost 2 mp, and now have 12/19 mp.
You punch the hornet! You freeze the hornet. The hornet stings you!
A hellwing comes into view.
A hornet comes into view.
The hornet stings you but does no damage.
You hit the hornet. You freeze the hornet.
The hornet stings you but does no damage.
The hornet closely misses you. 😮 HP[-5] MP[-1]
You take 5 damage, and now have 62/85 hp.
You lost 1 mp, and now have 11/19 mp.
You barely miss the hornet. The hornet stings you.
The hornet barely misses you. The hornet stings you.
You feel as though you will be slow longer.
The hornet stings you!
You are too injured to fight recklessly! 😮 HP[-13] MP[-2]
You take 13 damage, and now have 49/85 hp.
You lost 2 mp, and now have 9/19 mp.
You are too injured to fight recklessly!
You are too injured to fight recklessly!
You pummel the hornet!! You freeze the hornet.
You feel a bit better.
You kill the hornet!
The hornet stings you.
You feel as though you will be slow longer.
The hornet completely misses you. 😮 MP[+1] Unknown command.
The hellwing swoops through the air toward you!
The hellwing closely misses you.
The hellwing hits you but does no damage.
A soul eater comes into view.
The hornet stings you!
* * * LOW HITPOINT WARNING * * *
You suddenly lose the ability to move!
The hellwing hits you!
* * * LOW HITPOINT WARNING * * *
The hellwing hits you but does no damage.
You can move again.
You pummel the hornet!! You freeze the hornet!
You feel a bit better.
You kill the hornet!
The hellwing barely misses you. The hellwing hits you.
* * * LOW HITPOINT WARNING * * *
😨 HP[-16] MP[-4]
You take 16 damage, and now have 33/85 hp.
You lost 4 mp, and now have 6/19 mp.
Unknown command.
Your primal bloodlust is almost over.
The soul eater hits you!
* * * LOW HITPOINT WARNING * * *
You see here a hornet corpse. 😨 HP[-10] MP[-1]
You take 10 damage, and now have 23/85 hp.
You lost 1 mp, and now have 5/19 mp.
You pummel the hellwing!! You freeze the hellwing.
The hellwing hits you but does no damage.
The hellwing hits you.
* * * LOW HITPOINT WARNING * * *
The soul eater draws from the surrounding life force!
* * * LOW HITPOINT WARNING * * *
The soul eater draws from the surrounding life force!
The hellwing hits you.
* * * LOW HITPOINT WARNING * * *
The hellwing hits you but does no damage.
You hit the hellwing but do no damage.
You howl as the wereblood boils in your veins!
You feel yourself speed up. The hellwing hits you.
* * * LOW HITPOINT WARNING * * *
The hellwing closely misses you. The soul eater hits you.
* * * LOW HITPOINT WARNING * * *
You feel drained.
* * * LOW HITPOINT WARNING * * *
Unknown command. 😱 HP[-22] MP[-4]
You now have 84 max hp (-1).
You take 22 damage, and now have 1/84 hp.
MASSIVE DAMAGE!! (PAUSE)
You lost 4 mp, and now have 1/19 mp.
Unknown command.
Really read
e - 3 scrolls of blinking {!r}?
Blink to where?
Press: ? - help, Dir - move target
Okay, then.
You hit the hellwing but do no damage.
You howl as the wereblood boils in your veins!
The soul eater hits you but does no damage.
The hellwing hits you!
You die...

Skill      XL: |  1  2  3  4  5  6  7  8  9 10 |
---------------+-------------------------------+-----
Transmutations | 3 4 5 6 7 9 |  9.6
Unarmed Combat | 4 5 6 7 |  7.1
Spellcasting   | 3 4 5 6 |  6.2
Poison Magic   | 1 |  1.8
Ice Magic      | 2 3 5 7 8 |  8.3
Fighting       | |  1.1
Dodging        | |  1.7

Action                   |  1- 3 |  4- 6 |  7- 9 | 10-12 || total
-------------------------+-------+-------+-------+-------++-------
Melee: Unarmed           |   114 |   168 |   246 |    31 ||   559
       Kick              |    13 |     2 |       |       ||    15
       Tailslap          |    10 |     6 |     1 |       ||    17
       Punch             |     4 |     2 |     1 |       ||     7
       Headbutt          |     9 |     1 |       |       ||    10
 Cast: Beastly Appendage |    15 |    10 |     1 |       ||    26
       Spider Form       |       |    15 |     7 |       ||    22
       Wereblood         |       |     4 |     3 |     1 ||     8
       Ice Form          |       |       |    32 |     1 ||    33
 Abil: Breathe Noxious F |       |       |     5 |       ||     5
       End Transformatio |       |       |     1 |       ||     1
  Use: Potion            |     2 |     1 |       |       ||     3
       Scroll            |       |     9 |     8 |       ||    17
 Stab: Confused          |       |       |     3 |       ||     3
Armor: Skin              |    33 |    34 |    72 |    19 ||   158
Dodge: Dodged            |    76 |   110 |   123 |    21 ||   330

Levels and vault maps discovered:
D:1:      dpeg_arrival_three_same_balls, layout_rooms, minmay_distorted
D:2:      layout_basic, uniq_sigmund
D:3:      layout_loops_ring, beargit_hepliaklqana_dungeon_heroes,
          wad_floor_pattern_1, corexii_shack, grunt_decor_cap
D:4:      layout_basic, nicolae_overflow_crystal_walls,
          mainiacjoe_overflow_boulevard, old_standard_altar,
          gup_sewer_entry_bubbles, gammafunk_ghost_mausoleum,
          hangedman_decor_push, minmay_goblin_kobold_house, uniq_grinder
D:5:      layout_gridville, serial_shops, nicolae_shop_advertising_works
          [nicolae_subvault_shop_adworks], grunt_decor_mini_mirrors, uniq_pikel
D:6:      layout_rooms, nzn_wu_jian_contemplation, serial_shops,
          nicolae_lakefront_shop
D:7:      layout_loops_corners, xom_teletrap_fun,
          mainiacjoe_overflow_surrounded_room,
          mainiacjoe_overflow_small_starburst, minmay_temple_entry_butterflies,
          minmay_strange_pillars, minmay_misc_feat_x, nicolae_shop_fire_sale
          [nicolae_sub_dead_trees], chequers_serial_rivers_micro_a,
          chequers_decorated_corner, amethyst_killhole, uniq_duvessa
D:8:      layout_basic, pf_just_have_faith, skrybe_limestone_x, uniq_amaemon
D:9:      layout_roguey, kennysheep_mini_moat, tso_altar,
          lemuel_coloured_pillars_altar, nicolae_dithmenos_shadow_blocks,
          serial_demonic, serial_demonic_b, serial_demonic_e, serial_demonic_d,
          serial_demonic_a
Temple:   hellmonk_temple_rainy

Notes
Turn   | Place    | Note
-------+----------+-------------------------------------------
     0 | D:1      | kae the Draconian Transmuter began the quest for the Orb.
     0 | D:1      | Reached XP level 1. HP: 16/16 MP: 3/3
     0 | D:1      | magus.rc [v1.11.3]
   114 | D:1      | Reached XP level 2. HP: 19/23 MP: 3/5
   459 | D:1      | Reached XP level 3. HP: 24/28 MP: 4/6
   462 | D:1      | Learned a level 2 spell: Wereblood
   466 | D:1      | Learned a level 3 spell: Spider Form
   491 | D:1      | Reached skill level 3 in Transmutations
   847 | D:2      | HP: 9/42 [gnoll/+0 flail (6)]
   848 | D:2      | HP: 4/42 [gnoll/+0 flail (5)]
   855 | D:2      | HP: 1/42 [gnoll/+0 club (5)]
   858 | D:2      | Reached XP level 4. HP: 1/35 MP: 7/7
  1316 | D:2      | Noticed Sigmund
  1327 | D:2      | Killed Sigmund
  1328 | D:2      | Reached skill level 4 in Unarmed Combat
  1328 | D:2      | Reached skill level 3 in Spellcasting
  1328 | D:2      | Reached skill level 4 in Transmutations
  1328 | D:2      | Reached skill level 1 in Poison Magic
  1328 | D:2      | Reached XP level 5. HP: 40/40 MP: 3/9
  1465 | D:2      | Reached XP level 6. HP: 47/47 MP: 6/10
  1682 | D:2      | Learned a level 4 spell: Ice Form
  2129 | D:3      | You pick up a book of the Hunter and begin reading...
  2129 | D:3      | You add the spells Call Canine Familiar, Portal Projectile
                  | and Leda's Liquefaction to your library.
  2369 | D:3      | Reached skill level 1 in Ice Magic
  2661 | D:3      | Found a hazy altar of Hepliaklqana.
  2662 | D:3      | Noticed Jessica
  2667 | D:3      | Killed Jessica
  2680 | D:3      | Found a faded altar of an unknown god.
  2961 | D:4      | Reached skill level 5 in Transmutations
  2997 | D:4      | Found a glowing drain.
  3008 | Sewer    | Entered a sewer
  3133 | Sewer    | Reached skill level 2 in Ice Magic
  3133 | Sewer    | Your scales start taking on a lurid green colour.
  3133 | Sewer    | Reached XP level 7. HP: 34/52 MP: 8/12
  3133 | Sewer    | Gained mutation: Your system is resistant to poisons.
                  | (rPois) [Green Draconian growth]
  3213 | Sewer    | Found a white marble altar of Elyvilon.
  3355 | D:4      | Found a sparkling altar of Nemelex Xobeh.
  3660 | D:4      | You add the spells Sting, Poisonous Vapours and Olgreb's
                  | Toxic Radiance to your library.
  3697 | D:4      | Found a radiant altar of Vehumet.
  3723 | D:4      | Reached skill level 3 in Ice Magic
  3806 | D:4      | Found a transporter.
  3901 | D:4      | Found a transporter.
  3902 | D:4      | Noticed Raultor's ghost (amateur OpTm)
  3976 | D:4      | Found a shimmering blue altar of Sif Muna.
  3986 | D:4      | Noticed Grinder
  3996 | D:4      | Killed Grinder
  3997 | D:4      | Reached skill level 4 in Spellcasting
  3997 | D:4      | Reached skill level 6 in Transmutations
  4153 | D:5      | Entered Level 5 of the Dungeon
  4193 | D:5      | Found Eroil's Antique Armour Shoppe.
  4207 | D:5      | Reached XP level 8. HP: 49/59 MP: 10/14
  4260 | D:5      | Reached skill level 5 in Unarmed Combat
  4260 | D:5      | Reached skill level 4 in Ice Magic
  4570 | D:5      | Noticed Pikel
  4606 | D:5      | Killed Pikel
  4607 | D:5      | Reached skill level 7 in Transmutations
  4607 | D:5      | Reached skill level 5 in Ice Magic
  4946 | D:5      | Identified the +1 leather armour "Ygheloc" {rPois rC- Str+5
                  | Slay-6}
  5426 | D:6      | Reached XP level 9. HP: 64/64 MP: 11/16
  5623 | D:6      | You pick up a book of Alchemy and begin reading...
  5623 | D:6      | You add the spells Sublimation of Blood, Petrify and
                  | Irradiate to your library.
  5715 | D:6      | Reached skill level 5 in Spellcasting
  5766 | D:6      | Reached skill level 6 in Ice Magic
  5936 | D:6      | Found an ornate altar of the Wu Jian Council.
  5974 | D:6      | Found Usuyroak's Jewellery Shoppe.
  6277 | D:7      | Reached skill level 6 in Unarmed Combat
  6406 | D:7      | Found a broken altar of Ashenzari.
  6509 | D:7      | Found a staircase to the Ecumenical Temple.
  6631 | D:7      | Found a bloodstained altar of Trog.
  6653 | Temple   | Entered the Ecumenical Temple
  6671 | Temple   | Became a worshipper of Ru the Awakened
  6784 | D:7      | Reached skill level 8 in Transmutations
  6958 | D:7      | Found a shimmering altar of Xom.
  7129 | D:7      | You pick up a book of Burglary and begin reading...
  7129 | D:7      | You add the spells Passwall, Ensorcelled Hibernation and
                  | Swiftness to your library.
  7429 | D:7      | Noticed Dowan
  7430 | D:7      | Noticed Duvessa
  7441 | D:7      | Killed Duvessa
  7447 | D:7      | Killed Dowan
  7601 | D:7      | Found Coxeewo's Fire Supplies.
  7982 | D:8      | You pick up a book of Storms and begin reading...
  7982 | D:8      | You add the spells Airstrike, Summon Lightning Spire and
                  | Lightning Bolt to your library.
  8138 | D:8      | Noticed an orange demon
  8139 | D:8      | Noticed Amaemon
  8233 | D:8      | Noticed a two-headed ogre
  8251 | D:8      | HP: 19/76 [two-headed ogre/+0 giant club (19)]
  8253 | D:8      | HP: 6/76 [two-headed ogre/+0 giant club (13)]
  8253 | D:8      | HP: 1/76 [two-headed ogre/+0 giant club (5)]
  8255 | D:8      | Killed a two-headed ogre
  8256 | D:8      | Reached skill level 7 in Ice Magic
  8518 | D:8      | Found a white marble altar of Elyvilon.
  8857 | D:8      | Reached skill level 9 in Transmutations
  8901 | D:9      | Noticed a two-headed ogre
  8939 | D:8      | Killed Amaemon
  8940 | D:8      | Reached XP level 10. HP: 47/71 MP: 9/18
  8944 | D:8      | Killed an orange demon
  8945 | D:8      | Reached skill level 6 in Spellcasting
  9262 | D:9      | Found an opulent altar of Gozag.
  9303 | D:9      | Reached skill level 7 in Unarmed Combat
  9303 | D:9      | Reached skill level 8 in Ice Magic
  9315 | D:9      | Found a shadowy altar of Dithmenos.
  9320 | D:9      | Noticed a soul eater
  9320 | D:9      | Paralysed by a hornet for 1 turns
  9323 | D:9      | HP: 20/85 [hellwing (4)]
  9323 | D:9      | HP: 7/85 [hellwing (5)]
  9324 | D:9      | HP: 2/85 [soul eater (4)]
  9325 | D:9      | Slain by a hellwing

Vanquished Creatures
  A two-headed ogre (D:8)
  Amaemon (D:8)
  Pikel (D:5)
  An orange demon (D:8)
  A hellwing (D:9)
  2 hornets (D:9)
  Grinder (D:4)
  Sigmund (D:2)
  A wyvern (D:5)
  A ynoxinul (D:9)
  2 water moccasins
  Duvessa (D:7)
  2 black bears
  An ice beast (D:7)
  An ogre (D:7)
  2 centaurs
  3 lemures (D:5)
  A phantom (D:6)
  2 kobold brigands
  A necrophage (D:7)
  3 bullfrogs (D:8)
  3 scorpions
  Dowan (D:7)
  7 hounds
  3 orc priests
  A gnoll bouda (D:9)
  Jessica (D:3)
  2 iguanas
  5 orc wizards
  11 gnolls
  9 adders
  A river rat (Sewer)
  A white imp (D:7)
  3 ufetubi (D:5)
  4 worms
  2 dart slugs
  25 orcs
  8 endoplasms
  6 giant cockroaches
  14 goblins
  6 hobgoblins
  7 jackals
  6 quokkas
  6 ball pythons
  2 bats
  4 frilled lizards
  10 kobolds
  16 rats
194 creatures vanquished.

Table legend:
 A = Non-vault XP
 B = Vault XP
 C = Vault XP percentage of total XP
 D = Non-vault monster count
 E = Vault monster count
 F = Vault count percentage of total count
                 A         B        C        D         E       F
            +---------+---------+-------+---------+---------+-------
      Total |    4651 |    3229 |  41.0 |     157 |      34 |  17.8
            +---------+---------+-------+---------+---------+-------
        D:1 |      52 |       2 |   3.7 |      32 |       1 |   3.0
        D:2 |     109 |     223 |  67.2 |      17 |       1 |   5.6
        D:3 |     130 |      40 |  23.5 |      16 |       2 |  11.1
        D:4 |     386 |     288 |  42.7 |      32 |      14 |  30.4
        D:5 |     770 |     629 |  45.0 |      13 |       1 |   7.1
        D:6 |     632 |       0 |   0.0 |      14 |       0 |   0.0
        D:7 |     769 |     214 |  21.8 |      17 |       2 |  10.5
        D:8 |    1143 |    1165 |  50.5 |       9 |       2 |  18.2
        D:9 |     660 |     555 |  45.7 |       7 |       2 |  22.2
      Sewer |       0 |     113 | 100.0 |       0 |       9 | 100.0
            +---------+---------+-------+---------+---------+-------

Illustrated notes

Table legend:
 A = Kills in this place as a percentage of kills in entire the game.
 B = Kills by you in this place as a percentage of kills by you in the entire game.
 C = Kills by friends in this place as a percentage of kills by friends in the entire game.
 D = Other kills in this place as a percentage of other kills in the entire game.
 E = Experience gained in this place as a percentage of experience gained in the entire game.
 F = Experience gained in this place divided by the number of levels of this place that you have seen.
                   A       B       C       D       E      F
               +-------+-------+-------+-------+-------+----------------------
         Total | 100.0 | 100.0 |   N/A |   N/A | 100.0 | 716.4
       Dungeon |  95.3 |  95.3 |   N/A |   N/A |  98.6 | 863.0
         Sewer |   4.7 |   4.7 |   N/A |   N/A |   1.4 | 113.0
               +-------+-------+-------+-------+-------+----------------------

Table legend: (Time is in decaauts)
 A = Elapsed time spent in this place.
 B = Non-inter-level travel time spent in this place.
 C = Inter-level travel time spent in this place.
 D = Time resting spent in this place.
 E = Time spent auto-exploring this place.
 F = Levels seen in this place.
 G = Mean time per level.
                   A        B        C        D        E       F      G
               +--------+--------+--------+--------+--------+-----+--------+
         Total |   9350 |   8962 |    388 |    355 |   7060 |  11 |  850.0 |
       Dungeon |   9047 |   8672 |    375 |    355 |   6861 |   9 | 1005.2 |
        Temple |     32 |     19 |     13 |      0 |     10 |   1 |   32.0 |
         Sewer |    270 |    270 |      0 |      0 |    189 |   1 |  270.0 |
               +--------+--------+--------+--------+--------+-----+--------+

Top non-repeatable levels by time:
     D:7: 1711 daAuts
     D:5: 1244 daAuts
     D:8: 1243 daAuts
     D:4: 1150 daAuts
     D:2: 1041 daAuts
     D:3: 1029 daAuts
     D:6: 736 daAuts
     D:1: 704 daAuts
   Sewer: 270 daAuts
     D:9: 187 daAuts
  Temple: 32 daAuts
